TOP OF THE 1ST |
Wichita State University Shockers batting - Pitching for Oklahoma State University Cowboys : LHP Zach Richards
|
Pitching: LHP Zach Richards
|
|
Batting: RHB Byron Whitehead
|
0-0: Ball 1-0: Ground out U3 (Groundball, 34, EV 85.6 MPH)
|
Batting: RHB Kyle Gill
|
0-0: Ball 1-0: Ball 2-0: Foul Ball, location: 2F 2-1: Swinging Strike 2-2: Strikes out looking
|
Batting: LHB Carlos Flores
|
0-0: Ball 1-0: Called Strike 1-1: Ball 2-1: Swinging Strike 2-2: Foul Ball, location: 2F 2-2: Foul Ball, location: 2F 2-2: Ball 3-2: Foul Ball, location: 2F 3-2: Fly out, F8 (Flyball, 8RM, EV 90.6 MPH)
|
Top of the 1st over - 0 runs, 0 hits, 0 errors, 0 left on base; Wichita State University 0 - Oklahoma State University 0 |
BOTTOM OF THE 1ST |
Oklahoma State University Cowboys batting - Pitching for Wichita State University Shockers : RHP Keith Wilder
|
Pitching: RHP Keith Wilder
|
|
Batting: LHB Dwayne Roche
|
0-0: Ball 1-0: Called Strike 1-1: Called Strike 1-2: Ball 2-2: Foul Ball, location: 2F 2-2: Foul Ball, location: 2F 2-2: SOLO HOME RUN (Flyball, 9D, EV 99.4 MPH), Distance : 382 ft
|
Batting: RHB Simon Gravitt
|
0-0: Called Strike 0-1: Swinging Strike 0-2: Foul Ball, location: 2F 0-2: Strikes out looking
|
Batting: LHB Kyle David
|
0-0: Ball 1-0: Foul Ball, location: 2F 1-1: Foul Ball, location: 2F 1-2: Ball 2-2: Ball 3-2: Fly out, F9 (Line Drive, 9, EV 103.1 MPH)
|
Batting: LHB Jeff Williams
|
0-0: Ball 1-0: Fly out, F7 (Line Drive, 78M, EV 96.2 MPH)
|
Bottom of the 1st over - 1 run, 1 hit, 0 errors, 0 left on base; Wichita State University 0 - Oklahoma State University 1 |
TOP OF THE 2ND |
Wichita State University Shockers batting - Pitching for Oklahoma State University Cowboys : LHP Zach Richards
|
Batting: RHB Jason Adelstein
|
0-0: Ball 1-0: Called Strike 1-1: Fly out, F7 (Line Drive, 7LM, EV 96.2 MPH)
|
Batting: RHB Jeff Grant
|
0-0: Ball 1-0: Foul Ball, location: 2F 1-1: SINGLE (Groundball, 13S, EV 70.6 MPH) (infield hit)
|
Batting: RHB Jordan Carr
|
0-0: Ball 1-0: Fielders Choice at 2nd, 4-6 (Groundball, 4, EV 82.5 MPH)
|
Batting: LHB Kyle Lee
|
0-0: Ball 1-0: Ball 2-0: SINGLE (Line Drive, 7S, EV 93.1 MPH) Jordan Carr to second
|
Batting: SHB Peter Faggard
|
0-0: Ball 1-0: Ball 2-0: Called Strike 2-1: Fly out, F8 (Line Drive, 89M, EV 93.8 MPH)
|
Top of the 2nd over - 0 runs, 2 hits, 0 errors, 2 left on base; Wichita State University 0 - Oklahoma State University 1 |
BOTTOM OF THE 2ND |
Oklahoma State University Cowboys batting - Pitching for Wichita State University Shockers : RHP Keith Wilder
|
Batting: RHB Magnus Laursen
|
0-0: Ball 1-0: Ball 2-0: Ball 3-0: Swinging Strike 3-1: Base on Balls
|
Batting: LHB Cory Rohr
|
0-0: Called Strike 0-1: Called Strike 0-2: Foul Ball, location: 2F 0-2: Ball 1-2: Strikes out swinging
|
Batting: RHB Julio Marquez
|
0-0: Ball Wild Pitch! Magnus Laursen to second 1-0: Ground out 4-3 (Groundball, 34D, EV 85.0 MPH) Magnus Laursen to third
|
Batting: RHB Bill Tremblett
|
0-0: Ball 1-0: Ball 2-0: Called Strike 2-1: Foul Ball, location: 2F 2-2: Ground out 6-3 (Groundball, 6M, EV 99.4 MPH)
|
Bottom of the 2nd over - 0 runs, 0 hits, 0 errors, 1 left on base; Wichita State University 0 - Oklahoma State University 1 |
TOP OF THE 3RD |
Wichita State University Shockers batting - Pitching for Oklahoma State University Cowboys : LHP Zach Richards
|
Batting: SHB Mike Chafe
|
0-0: Called Strike 0-1: Ball 1-1: Reached on error, E5 (Groundball, 56S, EV 88.8 MPH)
|
Batting: RHB Byron Whitehead
|
0-0: Called Strike 0-1: Called Strike 0-2: Ball 1-2: Strikes out swinging
|
Batting: RHB Kyle Gill
|
0-0: Ball 1-0: Ball 2-0: Called Strike 2-1: Called Strike 2-2: Strikes out swinging
|
Batting: LHB Carlos Flores
|
0-0: Foul Ball, location: 2F 0-1: Foul Ball, location: 2F 0-2: Hit by Pitch Mike Chafe to second
|
Batting: RHB Jason Adelstein
|
0-0: Foul Ball, location: 2F 0-1: Fly out, F7 (Flyball, 78S, EV 83.1 MPH)
|
Top of the 3rd over - 0 runs, 0 hits, 1 error, 2 left on base; Wichita State University 0 - Oklahoma State University 1 |
BOTTOM OF THE 3RD |
Oklahoma State University Cowboys batting - Pitching for Wichita State University Shockers : RHP Keith Wilder
|
Batting: LHB Steve Kimbler
|
0-0: Called Strike 0-1: Foul Ball, location: 2F 0-2: Foul Ball, location: 2F 0-2: Foul Ball, location: 2F 0-2: Ball 1-2: Strikes out swinging
|
Batting: LHB Dwayne Roche
|
0-0: Called Strike 0-1: Swinging Strike 0-2: Strikes out swinging
|
Batting: RHB Simon Gravitt
|
0-0: Swinging Strike 0-1: Ball 1-1: Foul Ball, location: 2F 1-2: Strikes out swinging
|
Bottom of the 3rd over - 0 runs, 0 hits, 0 errors, 0 left on base; Wichita State University 0 - Oklahoma State University 1 |
TOP OF THE 4TH |
Wichita State University Shockers batting - Pitching for Oklahoma State University Cowboys : LHP Zach Richards
|
Batting: RHB Jeff Grant
|
0-0: SOLO HOME RUN (Flyball, 78XD, EV 114.4 MPH), Distance : 438 ft
|
Batting: RHB Jordan Carr
|
0-0: Ball 1-0: Called Strike 1-1: Called Strike 1-2: Ball 2-2: Strikes out swinging, 2-3 out at first.
|
Batting: LHB Kyle Lee
|
0-0: Ball 1-0: Called Strike 1-1: Foul Ball, location: 2F 1-2: Strikes out looking
|
Pitching: RHP Sam Stephenson
|
|
Batting: SHB Peter Faggard
|
0-0: Foul Ball, location: 2F 0-1: Called Strike 0-2: Foul Ball, location: 2F 0-2: Ball 1-2: Ball 2-2: Ground out 6-3 (Groundball, 6, EV 91.2 MPH)
|
Top of the 4th over - 1 run, 1 hit, 0 errors, 0 left on base; Wichita State University 1 - Oklahoma State University 1 |
BOTTOM OF THE 4TH |
Oklahoma State University Cowboys batting - Pitching for Wichita State University Shockers : RHP Keith Wilder
|
Batting: LHB Kyle David
|
0-0: Ball 1-0: Foul Ball, location: 2F 1-1: Ball 2-1: Ball 3-1: Foul Ball, location: 2F 3-2: Ground out 6-3 (Groundball, 6, EV 103.8 MPH)
|
Batting: LHB Jeff Williams
|
0-0: Foul Ball, location: 2F 0-1: Foul Ball, location: 2F 0-2: Ball 1-2: Ball 2-2: Foul Ball, location: 2F 2-2: Ball 3-2: Strikes out swinging
|
Batting: RHB Magnus Laursen
|
0-0: SOLO HOME RUN (Flyball, 7D, EV 98.1 MPH), Distance : 383 ft
|
Batting: LHB Cory Rohr
|
0-0: Fly out, F7 (Flyball, 7D, EV 101.9 MPH)
|
Bottom of the 4th over - 1 run, 1 hit, 0 errors, 0 left on base; Wichita State University 1 - Oklahoma State University 2 |
TOP OF THE 5TH |
Wichita State University Shockers batting - Pitching for Oklahoma State University Cowboys : RHP Sam Stephenson
|
Batting: SHB Mike Chafe
|
0-0: Called Strike 0-1: Ball 1-1: Foul Ball, location: 2F 1-2: Ball 2-2: Ball 3-2: Base on Balls
|
Batting: RHB Byron Whitehead
|
0-0: Called Strike 0-1: Ball Passed Ball! Mike Chafe to second 1-1: Ball 2-1: Ball 3-1: Base on Balls
|
Batting: RHB Kyle Gill
|
0-0: Ball 1-0: 3-RUN HOME RUN (Flyball, 9LD, EV 95.6 MPH), Distance : 358 ft
|
Pitching: LHP Tony Bustillos
|
|
Batting: LHB Carlos Flores
|
0-0: Ball 1-0: Foul Ball, location: 2F 1-1: Foul Ball, location: 2F 1-2: DOUBLE (Groundball, 3L, EV 102.5 MPH)
|
Batting: RHB Jason Adelstein
|
0-0: Ball 1-0: Ball 2-0: Ball 3-0: Called Strike 3-1: Base on Balls
|
Batting: RHB Jeff Grant
|
0-0: Ball 1-0: Ball 2-0: Ball 3-0: Fly out, F8 (Flyball, 8LM, EV 90.0 MPH)
|
Batting: RHB Jordan Carr
|
0-0: Ball 1-0: Grounds into double play, 3-6-1 (Groundball, 23, EV 85.0 MPH)
|
Top of the 5th over - 3 runs, 2 hits, 0 errors, 1 left on base; Wichita State University 4 - Oklahoma State University 2 |
BOTTOM OF THE 5TH |
Oklahoma State University Cowboys batting - Pitching for Wichita State University Shockers : RHP Keith Wilder
|
Batting: RHB Julio Marquez
|
0-0: Ball 1-0: Ball 2-0: Ball 3-0: Base on Balls
|
Batting: RHB Bill Tremblett
|
0-0: Ball 1-0: Fly out, F9 (Flyball, 9D, EV 95.6 MPH)
|
Batting: LHB Steve Kimbler
|
0-0: Ball 1-0: Ball 2-0: Fly out, F9 (Flyball, 89M, EV 90.0 MPH)
|
Batting: LHB Dwayne Roche
|
0-0: Foul Ball, location: 2F 0-1: Ball 1-1: Ball 2-1: Foul Ball, location: 2F 2-2: Ball 3-2: Ground out 4-3 (Groundball, 34, EV 80.6 MPH)
|
Bottom of the 5th over - 0 runs, 0 hits, 0 errors, 1 left on base; Wichita State University 4 - Oklahoma State University 2 |
TOP OF THE 6TH |
Wichita State University Shockers batting - Pitching for Oklahoma State University Cowboys : LHP Tony Bustillos
|
Batting: LHB Kyle Lee
|
0-0: DOUBLE (Line Drive, 78D, EV 112.5 MPH)
|
Batting: SHB Peter Faggard
|
0-0: Swinging Strike 0-1: Ball 1-1: SINGLE (Line Drive, 4MD, EV 94.4 MPH) Kyle Lee to third
|
Pitching: RHP Santiago Lopez
|
|
Batting: SHB Mike Chafe
|
0-0: Foul Ball, location: 2F 0-1: Ball 1-1: Grounds into double play, 5-4-3 (Groundball, 56, EV 78.8 MPH) Kyle Lee scores
|
Batting: RHB Byron Whitehead
|
0-0: Ball 1-0: Swinging Strike 1-1: Ball 2-1: Ball 3-1: Base on Balls
|
Batting: RHB Kyle Gill
|
0-0: SINGLE (Groundball, 56D, EV 105.6 MPH) Byron Whitehead to second
|
Batting: LHB Carlos Flores
|
0-0: DOUBLE (Line Drive, 3D, EV 96.9 MPH) Byron Whitehead scores Kyle Gill to third Runner from 3rd tries for Home, SAFE, no throw by RF
|
Batting: RHB Jason Adelstein
|
0-0: Called Strike 0-1: Called Strike 0-2: SINGLE (Line Drive, 8LS, EV 90.0 MPH) Carlos Flores to third Runner from 3rd tries for Home, SAFE, throw by CF to home
|
Pitching: RHP Dallas White
|
|
Batting: RHB Jeff Grant
|
0-0: Fly out, F8 (Flyball, 78D, EV 100.6 MPH)
|
Top of the 6th over - 4 runs, 5 hits, 0 errors, 1 left on base; Wichita State University 8 - Oklahoma State University 2 |
BOTTOM OF THE 6TH |
Oklahoma State University Cowboys batting - Pitching for Wichita State University Shockers : RHP Keith Wilder
|
Batting: RHB Simon Gravitt
|
0-0: Fly out, F9 (Flyball, 9D, EV 96.2 MPH)
|
Pitching: LHP Rusty Estes
|
|
Batting: LHB Kyle David
|
0-0: Ball 1-0: Foul Ball, location: 2F 1-1: Fly out, F7 (Flyball, 78M, EV 90.6 MPH)
|
Batting: LHB Jeff Williams
|
0-0: Ball 1-0: Ball 2-0: Called Strike 2-1: Ball 3-1: Base on Balls
|
Batting: RHB Magnus Laursen
|
0-0: Called Strike 0-1: Ball 1-1: Foul Ball, location: 2F 1-2: Ball 2-2: Ball 3-2: Base on Balls Jeff Williams to second
|
Batting: LHB Cory Rohr
|
0-0: Ground out 4-3 (Groundball, 4, EV 86.9 MPH)
|
Bottom of the 6th over - 0 runs, 0 hits, 0 errors, 2 left on base; Wichita State University 8 - Oklahoma State University 2 |
TOP OF THE 7TH |
Wichita State University Shockers batting - Pitching for Oklahoma State University Cowboys : RHP Dallas White
|
Pitching: RHP Rien Klinkenberg
|
|
Batting: RHB Jordan Carr
|
0-0: Swinging Strike 0-1: Ball 1-1: Foul Ball, location: 2F 1-2: Ball 2-2: Ball 3-2: Strikes out swinging
|
Batting: LHB Kyle Lee
|
0-0: Called Strike 0-1: Called Strike 0-2: Fly out, F8 (Line Drive, 78M, EV 93.8 MPH)
|
Batting: SHB Peter Faggard
|
0-0: Foul Ball, location: 2F 0-1: Ball 1-1: Fly out, F9 (Flyball, 89D, EV 83.8 MPH)
|
Top of the 7th over - 0 runs, 0 hits, 0 errors, 0 left on base; Wichita State University 8 - Oklahoma State University 2 |
BOTTOM OF THE 7TH |
Oklahoma State University Cowboys batting - Pitching for Wichita State University Shockers : LHP Rusty Estes
|
Batting: RHB Julio Marquez
|
0-0: Ball 1-0: Called Strike 1-1: Ball 2-1: Ball 3-1: Foul Ball, location: 2F 3-2: Base on Balls
|
Pitching: RHP Ryan Chase
|
|
Batting: RHB Bill Tremblett
|
0-0: Ball 1-0: Ball 2-0: Ball 3-0: Base on Balls Julio Marquez to second
|
Batting: LHB Steve Kimbler
|
0-0: Foul Ball, location: 2F 0-1: Ball 1-1: Called Strike 1-2: Grounds into double play, 3-6-1 (Groundball, 3, EV 86.2 MPH) Julio Marquez to third
|
Batting: LHB Dwayne Roche
|
0-0: Fly out, F8 (Flyball, 89S, EV 90.0 MPH)
|
Bottom of the 7th over - 0 runs, 0 hits, 0 errors, 1 left on base; Wichita State University 8 - Oklahoma State University 2 |
TOP OF THE 8TH |
Wichita State University Shockers batting - Pitching for Oklahoma State University Cowboys : RHP Rien Klinkenberg
|
Batting: SHB Mike Chafe
|
0-0: Ball 1-0: Ground out 4-3 (Groundball, 4, EV 85.0 MPH)
|
Batting: RHB Byron Whitehead
|
0-0: Called Strike 0-1: Called Strike 0-2: Ball 1-2: Ball 2-2: Strikes out swinging
|
Batting: RHB Kyle Gill
|
0-0: Called Strike 0-1: Ball 1-1: Ball 2-1: Fly out, F8 (Flyball, 8LD, EV 102.5 MPH)
|
Top of the 8th over - 0 runs, 0 hits, 0 errors, 0 left on base; Wichita State University 8 - Oklahoma State University 2 |
BOTTOM OF THE 8TH |
Oklahoma State University Cowboys batting - Pitching for Wichita State University Shockers : RHP Ryan Chase
|
Batting: RHB Simon Gravitt
|
0-0: SINGLE (Groundball, 6D, EV 95.6 MPH)
|
Batting: LHB Kyle David
|
0-0: Ball Wild Pitch! Simon Gravitt to second 1-0: Swinging Strike 1-1: Foul Ball, location: 2F 1-2: Fly out, F8 (Line Drive, 8RD, EV 100.0 MPH)
|
Pitching: LHP Ernesto Ruiz
|
|
Batting: LHB Jeff Williams
|
0-0: Ball 1-0: Called Strike 1-1: Foul Ball, location: 2F 1-2: Ball 2-2: SINGLE (Line Drive, 78S, EV 95.0 MPH) Simon Gravitt to third
|
Pitching: LHP Jacob Seymour
|
|
Batting: RHB Magnus Laursen
|
0-0: Ball 1-0: Called Strike 1-1: Swinging Strike 1-2: Foul Ball, location: 2F 1-2: Strikes out swinging
|
Batting: RHB Jon Guzman
|
0-0: Swinging Strike 0-1: Ball 1-1: Called Strike 1-2: Ball 2-2: Foul Ball, location: 2F 2-2: Strikes out looking
|
Bottom of the 8th over - 0 runs, 2 hits, 0 errors, 2 left on base; Wichita State University 8 - Oklahoma State University 2 |
TOP OF THE 9TH |
Wichita State University Shockers batting - Pitching for Oklahoma State University Cowboys : RHP Rien Klinkenberg
|
Pitching: RHP Justin Reed
|
|
Batting: LHB Carlos Flores
|
0-0: Ball 1-0: Ground out 4-3 (Groundball, 4, EV 95.6 MPH)
|
Pinch Hitting: LHB Troy Davies
|
0-0: Ball 1-0: Ball 2-0: Swinging Strike 2-1: Ball 3-1: Ground out 5-3 (Groundball, 56S, EV 85.6 MPH)
|
Batting: RHB Jeff Grant
|
0-0: Foul Ball, location: 2F 0-1: Ball 1-1: Ball 2-1: Foul Ball, location: 2F 2-2: Ground out 5-3 (Groundball, 56, EV 78.8 MPH)
|
Top of the 9th over - 0 runs, 0 hits, 0 errors, 0 left on base; Wichita State University 8 - Oklahoma State University 2 |
BOTTOM OF THE 9TH |
Oklahoma State University Cowboys batting - Pitching for Wichita State University Shockers : LHP Jacob Seymour
|
Now in LF: Troy Davies
|
|
Batting: RHB Julio Marquez
|
0-0: Foul Ball, location: 2F 0-1: Ball 1-1: Called Strike 1-2: Ball 2-2: Strikes out swinging
|
Batting: RHB Bill Tremblett
|
0-0: Ball 1-0: Ball 2-0: Fly out, F6 (Popup, 4M, EV 63.8 MPH)
|
Batting: LHB Steve Kimbler
|
0-0: Ball 1-0: SINGLE (Groundball, 6MD, EV 95.6 MPH)
|
Batting: LHB Dwayne Roche
|
0-0: Ball 1-0: Foul Ball, location: 2F 1-1: Ball 2-1: Ball 3-1: Called Strike 3-2: SINGLE (Flyball, 78M, EV 90.6 MPH) Steve Kimbler to second Steve Kimbler to third
|
Pitching: RHP Steve Mattes
|
|
Batting: RHB Simon Gravitt
|
0-0: Called Strike 0-1: Swinging Strike 0-2: Ball 1-2: Foul Ball, location: 2F 1-2: Foul Ball, location: 2F 1-2: Ball 2-2: Foul Ball, location: 2F 2-2: Ball 3-2: Foul Ball, location: 2F 3-2: Base on Balls Dwayne Roche to second
|
Batting: LHB Kyle David
|
0-0: Ball 1-0: Ball 2-0: Ball 3-0: Base on Balls Steve Kimbler scores Dwayne Roche to third Simon Gravitt to second
|
Batting: LHB Jeff Williams
|
0-0: Foul Ball, location: 2F 0-1: Ball 1-1: Fly out, F8 (Line Drive, 8LM, EV 92.5 MPH)
|
Bottom of the 9th over - 1 run, 2 hits, 0 errors, 3 left on base; Wichita State University 8 - Oklahoma State University 3 |
|